 Dungeon Crawl Stone Soup version 0.30-a0-223-gcb0039aa0c (webtiles) character file.

Game seed: 6362457956437828223

8678 night the Spear-Bearer (level 11, 0/47 HPs)
             Began as a Vine Stalker Summoner on Oct 9, 2022.
             Was a Follower of Ashenzari.
             Slain by an orc warrior
             ... wielding a +0 spear
              (10 damage)
             ... in a bailey.
             The game lasted 00:40:49 (10756 turns).

night the Spear-Bearer (Vine Stalker Summoner)     Turns: 10756, Time: 00:40:50

Health: 0/47       AC: 17    Str: 13    XL:     11   Next: 34%
Magic:  0/32       EV:  9    Int: 17    God:    Ashenzari [*.....]
Gold:   170        SH:  6    Dex: 21    Spells: 12/25 levels left

rFire   . . .      SeeInvis .    K - +2 trident (vorpal)
rCold   . . .      Faith    .    H - +0 buckler "Overhang to Understand" {rC- Will++ Regen+ rCorr, Fort, Melee} (curse)
rNeg    . . .      Spirit   +    h - +7 Kryia's mail coat {PotionHeal*2 rC+}
rPois   .          Reflect  .    (no helmet)
rElec   .          Harm     .    (no cloak)
rCorr   +          Rampage  .    (no gloves)
Will    +++..                    F - +2 pair of boots of Supernal Knowledge {Self, Melee} (curse)
Stlth   +.........               (no amulet)
HPRegen 1.87/turn                i - +6 ring of dexterity
MPRegen 0.23/turn                t - ring of magical power

@: very slightly contaminated
A: fangs 3, regeneration 1, magic shield, antimagic bite, no potion heal 2
a: Renounce Religion, Curse Item, Shatter the Chains


You were in a bailey.
You worshipped Ashenzari.
Ashenzari was aware of your devotion.
You visited 2 branches of the dungeon, and saw 11 of its levels.
You also visited: Bailey.

You collected 606 gold pieces.
You spent 436 gold pieces at shops.

Inventory:

Hand Weapons
 r - a +3 sling
 K - a +2 vorpal trident (weapon)
 O - a +0 glaive
Missiles
 f - 42 stones
 k - 2 javelins
 s - 11 poisoned darts
 w - a curare-tipped dart
 B - a throwing net
 G - 5 boomerangs
Armour
 a - a +0 robe
 h - the +7 Kryia's mail coat (worn) {PotionHeal*2 rC+}
   (You found it on level 5 of the Dungeon)

   Potions are twice as effective at healing its wearer.
   rC:        It protects you from cold.
 n - a +1 leather armour of positive energy
 F - the cursed +2 pair of boots of Supernal Knowledge (worn) {Self, Melee}
   (You found it on level 5 of the Dungeon)

   It has a curse which improves the following skills: Introspection: Fighting
   and Spellcasting.
   Melee Combat: Short Blades, Long Blades, Axes, Maces & Flails, Polearms,
   Staves and Unarmed Combat.
 H - the cursed +0 buckler "Overhang to Understand" (worn) {rC- Will++ Regen+ rCorr, Fort, Melee}
   (You bought it in a shop on level 5 of the Dungeon)

   rC:        It makes you vulnerable to cold.
   Regen:     It increases your rate of health regeneration.
   rCorr:     It protects you from acid and corrosion.
   Will:      It greatly increases your willpower.
   It has a curse which improves the following skills: Fortitude: Armour and
   Shields.
   Melee Combat: Short Blades, Long Blades, Axes, Maces & Flails, Polearms,
   Staves and Unarmed Combat.
 M - a +0 troll leather armour
Jewellery
 i - a +6 ring of dexterity (left hand)
 t - a ring of magical power (right hand)
 v - a ring of protection from fire
 C - a ring of willpower
Wands
 m - a wand of roots (14)
 u - a wand of flame (7)
 I - a wand of charming (15)
Scrolls
 e - 7 scrolls of teleportation
 o - a scroll of fear
 p - 2 scrolls of fog
 y - 2 scrolls of vulnerability
 D - 2 scrolls of poison
 J - a scroll of amnesia
 N - a scroll of torment
Potions
 b - 3 potions of magic
 c - a potion of mutation
 d - 5 potions of curing
 g - 2 potions of might
 j - 4 potions of flight
 l - 3 potions of brilliance
 z - a potion of haste
 A - 2 potions of ambrosia
 E - a potion of lignification
 L - a potion of invisibility


   Skills:
 * Level 10.8(12.1) Polearms
 + Level 4.2(5.0) Armour
 - Level 1.5 Dodging
 - Level 2.4 Stealth
 + Level 4.2(5.0) Shields
 - Level 6.8(7.7) Spellcasting
 + Level 9.3 Summonings


You had 12 spell levels left.
You knew the following spells:

 Your Spells              Type           Power      Damage    Failure   Level
a - Summon Small Mammal   Summ           100%       N/A       1%          1
b - Call Imp              Summ           38%        N/A       1%          2
c - Call Canine Familiar  Summ           38%        N/A       3%          3
d - Summon Guardian Gole  Hex/Summ       22%        N/A       26%         3
e - Summon Lightning Spi  Summ/Air       22%        N/A       63%         4

Your spell library contained the following spells:

 Spells                   Type           Power      Damage    Failure   Level
 Scorch                   Fire           12%        2d5       65%         2
 Summon Cactus Giant      Summ           19%        N/A       88%         6
 Flame Wave               Conj/Fire      6%         2d5       99%         4


Dungeon Overview and Level Annotations

Branches:
Dungeon (10/15)            Temple (1/1) D:7          Bailey (1/1)
   Lair: D:8-11         Orc: D:9-12

Altars:
Ashenzari
Cheibriados
Dithmenos
Elyvilon
Gozag
Hepliaklqana
Kikubaaqudgha
Makhleb
Nemelex Xobeh
Okawaru
Qazlal
Ru
Sif Muna
Trog
Uskayaw
Vehumet
Wu Jian
Xom
Yredelemnul
Zin
The Shining One

Shops:
D:5 [   D:7 (


Innate Abilities, Weirdness & Mutations

You have razor-sharp teeth.
Your natural rate of healing is unusually fast.
When hurt, damage is shared between your health and your magic reserves.
Your bite disrupts and absorbs the magic of your enemies.
Potions cannot restore your health.


Message History

You miscast Summon Guardian Golem.
You are very lightly contaminated with residual magic.
Nothing appears to happen.
Your crimson imp blinks!
Casting: Summon Guardian Golem (dangerous; 26% risk of failure)
Confirm with . or Enter, or press ? or * to list all spells.
The orc warrior hits your rat with a +0 spear!
Your rat dies!
Your rat's corpse disappears in a puff of smoke!
The orc knight roars a battlecry!
The orc goes into a battle-frenzy!
Unknown command.
You hit the orc knight but do no damage.
Your bite misses the orc knight.
The orc knight is heavily wounded.
The orc knight hits you with a +0 halberd!
You closely miss the orc knight. You bite the orc knight. You drain its power.
You feel invigorated.
The orc knight is heavily wounded.
The orc knight hits you with a +0 halberd.
Casting: Call Canine Familiar (dangerous; 3% risk of failure)
Confirm with . or Enter, or press ? or * to list all spells.
Your hound disappears in a puff of smoke!
Your crimson imp closely misses the orc warrior.
The orc knight closely misses you.
The orc warrior hits you from afar with a +0 spear!
Unknown command.
Casting: Call Canine Familiar (dangerous; 3% risk of failure)
Confirm with . or Enter, or press ? or * to list all spells.
A guardian golem appears, shielding your allies.
Your crimson imp barely misses the orc warrior.
You block the orc warrior's attack.
The orc knight hits you with a +0 halberd.
Unknown command.
Your wolf bites the orc warrior!
Your wolf misses the orc warrior.
Your crimson imp misses the orc warrior.
The orc knight hits you with a +0 halberd!!
* * * LOW HITPOINT WARNING * * *
The orc warrior hits you from afar with a +0 spear!
You die...

≈≈≈≈≈~~~~~~~~~~~~~~~~~≈≈≈≈≈~... .
≈###≈≈~~~~~~~~~~~~~~~≈≈###≈≈...
.≈##.##≈~~~~~~~~~~~~~~~≈##.##≈...
.≈#...)~~~~~~~~~~~~~~~~~....#≈...
.≈##.∩#≈~~~~~~~~~~~~~~~≈#∩.##≈...
.≈≈#.##≈~~~~#######~~~~≈##)#≈≈...
.~≈≈~≈≈≈~~~~##~~~~##~~~≈≈≈)≈≈~...
.~~~~~~~~~~~##~~~~~##~~~~~~)~~...
.~~~~~~~~~~~##'9@#~~##~~~~~~~~...
.~~~~~~~##~~##h5o##~~#~~~~~~~~...
.~~~~~~~##~####o####~##~~~~~~~...
.~~~~~~~##~'.#...#)'~##~~~~~~~...
.~~~~~~~##~###.8.###~##~~~~~~~...
.~~~~~~~##~')#|.?#.'~##~~~~~~~...
.~~~~~~~##~#########~##~~~~~~~...
.~~~~~~~~#~~##.#.##~~#~~~~~~~~...
.~~~~~~~~##~~#'#'#~~##~~~~~~~~...


You could see an orc knight (ally target), an orc warrior (strong, ally target),
a friendly guardian golem (summoned), a friendly wolf (summoned, sheltered) and
a friendly crimson imp (summoned, sheltered).

Vanquished Creatures
  2 centaur warriors (D:8)
  A cyclops (D:8)
  2 trolls (D:9)
  A hornet (D:9)
  A wyvern (D:9)
  A yak (D:7)
  A steam dragon (D:9)
  A water moccasin (D:7)
  8 orc warriors
  2 black bears
  3 centaurs
  4 bullfrogs
  A necrophage (D:7)
  11 wights
  A howler monkey (D:8)
  A nameless horror (D:8)
  A hound (D:5)
  2 jellies
  4 orc priests
  6 orc wizards
  An iguana (D:6)
  4 adders
  4 gnolls
  A shadow imp (D:5)
  A white imp (D:5)
  2 ufetubi (D:7)
  2 worms
  5 dart slugs
  16 orcs
  7 ball pythons
  4 endoplasms
  A giant cockroach (D:1)
  10 goblins
  3 hobgoblins
  2 jackals (D:5)
  6 bats
  A frilled lizard (D:2)
  5 kobolds
  4 rats
133 creatures vanquished.

Vanquished Creatures (collateral kills)
  2 yaks (D:8)
  A steam dragon (D:7)
  2 water moccasins
  4 orc warriors
  A centaur (D:9)
  2 phantoms (D:6)
  A bullfrog (D:8)
  2 wights
  A killer bee (D:7)
  An orc priest (D:8)
  A jelly (D:6)
  3 hounds
  5 orc wizards
  11 gnolls
  4 adders
  2 dart slugs
  18 orcs
  An endoplasm (D:2)
  3 goblins
  4 hobgoblins
  5 jackals
  2 kobolds
  A rat (D:3)
77 creatures vanquished.

Vanquished Creatures (others)
  4 yaks
  3 orc warriors
  2 ogres (D:6)
  A kobold brigand (D:9)
  A scorpion (D:6)
  A wight (D:8)
  3 killer bees (D:7)
  2 howler monkeys (D:9)
  A gnoll bouda (D:6)
  An iguana (D:6)
  2 gnolls
  3 orcs
24 creatures vanquished.

Grand Total: 234 creatures vanquished

Notes
Turn   | Place    | Note
-------+----------+-------------------------------------------
     0 | D:1      | night the Vine Stalker Summoner began the quest for the
                  | Orb.
     0 | D:1      | Reached XP level 1. HP: 9/9 MP: 4/4
   219 | D:1      | Reached skill level 1 in Polearms
   219 | D:1      | Reached XP level 2. HP: 13/13 MP: 4/6
   324 | D:1      | Learned a level 2 spell: Call Imp
   427 | D:1      | Found a faded altar of an unknown god.
   547 | D:1      | Reached XP level 3. HP: 16/16 MP: 0/7
  1298 | D:2      | Reached skill level 2 in Polearms
  1312 | D:2      | Learned a level 3 spell: Call Canine Familiar
  1358 | D:2      | Gained mutation: Your natural rate of healing is unusually
                  | fast. [Vine Stalker growth]
  1358 | D:2      | Reached XP level 4. HP: 21/21 MP: 9/9
  1795 | D:3      | Found a hide-covered altar of Uskayaw.
  1826 | D:3      | Found a sparkling altar of Nemelex Xobeh.
  1876 | D:3      | Reached XP level 5. HP: 24/24 MP: 10/10
  2420 | D:3      | Reached skill level 3 in Polearms
  2659 | D:4      | Reached skill level 5 in Summonings
  2659 | D:4      | Reached XP level 6. HP: 28/28 MP: 12/12
  2690 | D:4      | Learned a level 3 spell: Summon Guardian Golem
  2911 | D:4      | Found a burning altar of Makhleb.
  3204 | D:4      | Noticed a black bear
  3222 | D:4      | Killed a black bear
  3223 | D:4      | Reached skill level 4 in Polearms
  3420 | D:5      | Entered Level 5 of the Dungeon
  3500 | D:5      | Found Xeruggin's Armour Shoppe.
  3529 | D:5      | Reached XP level 7. HP: 30/32 MP: 11/14
  3621 | D:5      | Found the +7 Kryia's mail coat {PotionHeal*2 rC+}
  4055 | D:5      | Bought the +0 buckler "Rekoitre" {rC- Will++ Regen+ rCorr}
                  | for 241 gold pieces
  4147 | D:6      | Reached skill level 5 in Polearms
  4345 | D:6      | Gained mutation: You have razor-sharp teeth. [Vine Stalker
                  | growth]
  4345 | D:6      | Reached XP level 8. HP: 36/36 MP: 16/16
  4503 | D:6      | Learned a level 4 spell: Summon Lightning Spire
  4553 | D:6      | Reached skill level 5 in Spellcasting
  4563 | D:6      | Reached skill level 6 in Polearms
  5367 | D:7      | Found Moymofa's Antique Weapon Boutique.
  5477 | D:7      | Found a snail-covered altar of Cheibriados.
  5691 | D:7      | Reached skill level 7 in Polearms
  5742 | D:7      | Reached XP level 9. HP: 38/39 MP: 18/18
  5961 | D:7      | Found a staircase to the Ecumenical Temple.
  5965 | Temple   | Entered the Ecumenical Temple
  6136 | Temple   | Became a worshipper of Ashenzari the Shackled
  6875 | D:7      | Reached skill level 8 in Polearms
  7228 | D:7      | Bought a glowing trident for 195 gold pieces
  7699 | D:7      | Reached skill level 1 in Armour
  7944 | D:8      | Reached XP level 10. HP: 44/44 MP: 21/21
  7968 | D:8      | Reached skill level 9 in Polearms
  8014 | D:8      | Reached skill level 1 in Shields
  8058 | D:8      | Reached skill level 2 in Armour
  8147 | D:8      | Found a basalt altar of Yredelemnul.
  8286 | D:8      | Noticed a centaur warrior
  8287 | D:8      | Noticed a cyclops
  8310 | D:8      | Killed a cyclops
  8311 | D:8      | Killed a centaur warrior
  8312 | D:8      | Reached skill level 2 in Shields
  8328 | D:8      | Noticed a centaur warrior
  8348 | D:8      | Killed a centaur warrior
  8540 | D:8      | Reached skill level 10 in Polearms
  8917 | D:9      | Found a glowing golden altar of the Shining One.
  9126 | D:9      | Reached XP level 11. HP: 33/44 MP: 9/22
  9636 | D:9      | Reached * piety under Ashenzari
  9709 | D:9      | Found an iron altar of Okawaru.
  9709 | D:9      | Found an ancient bone altar of Kikubaaqudgha.
  9711 | D:9      | Found a white marble altar of Elyvilon.
 10120 | D:10     | Entered Level 10 of the Dungeon
 10125 | D:10     | Found a flagged portal.
 10154 | Bailey   | Entered a bailey
 10729 | Bailey   | Identified a scroll of acquirement
 10729 | Bailey   | Noticed an orc knight
 10756 | Bailey   | Slain by an orc warrior

Illustrated notes

Levels and vault maps discovered:
D:1:      minmay_arrival_doors, layout_loops_ring,
          hellmonk_ecumenical_altar_blasted, minmay_split_cup_small
D:2:      layout_basic, st_stairs_9, minivault_11, feat_on_display
D:3:      layout_basic, mainiacjoe_overflow_catwalk_spiral
D:4:      wander_river, layout_basic, general_overflow_altar,
          grunt_decor_arrowhead, kennysheep_generic_room_5
D:5:      layout_rooms, serial_shops, shop
D:6:      layout_basic
D:7:      layout_cave_pods, nicolae_overflow_hidden_temple, temple_hall_moat,
          serial_shops, shop
D:8:      minmay_chambers_of_sixes, layout_cave_pools,
          mainiacjoe_overflow_catwalk
D:9:      layout_grid_maze, gammafunk_temple_overflow_claw, lemuel_round_altar,
          st_stairs_11, minmay_misc_feat_doors, nicolae_underground_beach
D:10:     minmay_the_grid_square_5x5_3x3 [minmay_the_grid_square_5x5_empty,
          minmay_the_grid_square_5x5_tetrominoes,
          minmay_the_grid_square_5x5_bite, minmay_the_grid_square_5x5_two,
          minmay_the_grid_square_5x5_megaprize_diamond,
          minmay_the_grid_square_5x5_hollow_slash,
          minmay_the_grid_square_5x5_meh, minmay_the_grid_square_5x5_inner_v,
          minmay_the_grid_square_5x5_eight_small], layout_loops_corners,
          fedhas_altar_3, enter_bailey_5, minmay_hollow_rounded_squares
Temple:   nicolae_temple_bog_church
Bailey:   bailey_polearm_2, bailey

Skill      XL: |  1  2  3  4  5  6  7  8  9 10 11 |
---------------+----------------------------------+-----
Polearms       | 1 2 3 4 5 7 8 10 | 10.8
Spellcasting   | 3 4 5 6 |  6.8
Summonings     | 5 6 8 9 |  9.3
Armour         | 1 3 4 |  4.2
Shields        | 3 4 |  4.2
Dodging        | |  1.5
Stealth        | |  2.4

Action                   |  1- 3 |  4- 6 |  7- 9 | 10-12 || total
-------------------------+-------+-------+-------+-------++-------
Melee: Unarmed           |    31 |       |       |       ||    31
       Bite              |    20 |    19 |    57 |    52 ||   148
       Spear             |    47 |   105 |   140 |       ||   292
       Punch             |       |     1 |       |       ||     1
       Trident           |       |       |    55 |   221 ||   276
Throw: Dart              |       |       |     2 |       ||     2
 Cast: Summon Small Mamm |    15 |    14 |    19 |    18 ||    66
       Call Imp          |     2 |    13 |    12 |    11 ||    38
       Call Canine Famil |       |     9 |    39 |    23 ||    71
       Summon Guardian G |       |     3 |    27 |    14 ||    44
Invok: Curse Item        |       |       |       |     2 ||     2
Evoke: Wand              |       |       |       |    14 ||    14
  Use: Scroll            |       |     4 |     3 |     4 ||    11
 Stab: Sleeping          |     6 |     7 |     1 |       ||    14
       Distracted        |     1 |     3 |     6 |     2 ||    12
Armor: Robe              |    16 |       |       |       ||    16
       Leather armour    |     2 |    22 |    37 |       ||    61
       Scale mail        |       |       |    30 |   101 ||   131
       Troll leather arm |       |       |       |     1 ||     1
Dodge: Dodged            |    26 |    46 |   112 |    98 ||   282
Block: Buckler           |       |       |    38 |    65 ||   103

Table legend: (Time is in decaauts)
 A = Elapsed time spent in this place.
 B = Non-inter-level travel time spent in this place.
 C = Inter-level travel time spent in this place.
 D = Time resting spent in this place.
 E = Time spent auto-exploring this place.
 F = Levels seen in this place.
 G = Mean time per level.
                   A        B        C        D        E       F      G
               +--------+--------+--------+--------+--------+-----+--------+
         Total |  10782 |  10232 |    550 |   1235 |   6449 |  12 |  898.5 |
       Dungeon |   9951 |   9434 |    517 |   1016 |   6303 |  10 |  995.1 |
        Temple |    194 |    162 |     32 |      0 |    145 |   1 |  194.0 |
        Bailey |    637 |    637 |      0 |    219 |      0 |   1 |  637.0 |
               +--------+--------+--------+--------+--------+-----+--------+

Top non-repeatable levels by time:
     D:7: 2237 daAuts
     D:6: 1287 daAuts
     D:9: 1247 daAuts
     D:4: 998 daAuts
     D:8: 930 daAuts
     D:1: 926 daAuts
     D:3: 813 daAuts
     D:5: 766 daAuts
     D:2: 711 daAuts
  Bailey: 637 daAuts
  Temple: 194 daAuts
    D:10: 31 daAuts
